 Seeded DCSS version 0.29-a0-284-gf9362112df (webtiles) character file.

Game seed: 20220313 (custom seed)

4883 muata the Carver (level 10, 0/120 (121) HPs)
             Began as a Minotaur Berserker on Mar 19, 2022.
             Was an Elder of Trog.
             Slain by a wight
             ... wielding a +0 battleaxe
              (2 damage)
             ... on level 8 of the Dungeon.
             The game lasted 00:10:59 (6591 turns).

muata the Carver (Minotaur Berserker)               Turns: 6591, Time: 00:10:59

HP:   0/120 (121)   AC: 10    Str: 28    XL:     10   Next: 26%
MP:   9/9           EV: 11    Int:  4    God:    Trog [****..]
Gold: 501           SH:  0    Dex: 14    Spells: 9/9 levels left

rFire   + + .      SeeInvis .   l - +5 long sword of Eternal War {spect, rF++ Will- Str+3 Dex+3}
rCold   . . .      Faith    +   (no shield)
rNeg    . . .      Spirit   .   n - +0 ring mail
rPois   .          Reflect  .   (helmet restricted)
rElec   .          Harm     .   B - +0 cloak
rCorr   .          Rampage  .   (no gloves)
Will    .....                   D - +0 pair of boots
Stlth   ..........              u - amulet of faith
HPRegen 0.30/turn               j - ring of flight
MPRegen 0.11/turn               (no ring)

@: berserking, flying, lightly drained, very quick
A: horns 2, retaliatory headbutt
a: Renounce Religion, Berserk, Trog's Hand, Brothers in Arms


You were on level 8 of the Dungeon.
You worshipped Trog.
Trog was greatly pleased with you.
You visited 1 branch of the dungeon, and saw 8 of its levels.

You collected 501 gold pieces.

Inventory:

Hand Weapons
 l - the +5 long sword of Eternal War (weapon) {spect, rF++ Will- Str+3 Dex+3}
   (You found it on level 2 of the Dungeon)

   When its wielder attacks, the weapon's spirit leaps out and strikes again.
   The spirit shares a part of any damage it takes with its wielder.
   Str:       It affects your strength (+3).
   Dex:       It affects your dexterity (+3).
   rF:        It greatly protects you from fire.
   Will:      It decreases your willpower.
Missiles
 i - 6 atropa-tipped darts (quivered)
 r - 9 poisoned darts
Armour
 n - a +0 ring mail (worn)
 s - a +0 plate armour
 B - a +0 cloak (worn)
 D - a +0 pair of boots (worn)
 G - +0 swamp dragon scales
Jewellery
 j - a ring of flight (left hand)
 u - an amulet of faith (around neck)
 E - an amulet of regeneration
Wands
 w - a wand of iceblast (19)
 y - a wand of paralysis (3)
 H - a wand of flame (25)
Scrolls
 d - a scroll of enchant armour {unknown}
 e - a scroll of amnesia {unknown}
 f - 7 scrolls of identify {unknown}
 g - 2 scrolls of blinking {unknown}
 h - 6 scrolls of teleportation {unknown}
 k - 2 scrolls of fear {unknown}
 o - a scroll of enchant weapon {unknown}
 x - 3 scrolls of noise {unknown}
 z - a scroll of vulnerability {unknown}
 C - a scroll of fog {unknown}
 F - a scroll of silence {unknown}
Potions
 c - 4 potions of curing {unknown}
 m - a potion of mutation {unknown}
 p - 2 potions of degeneration {unknown}
 q - 3 potions of heal wounds {unknown}
 t - a potion of berserk rage {unknown}
 v - a potion of attraction {unknown}
 A - a potion of lignification {unknown}
 I - a potion of ambrosia {unknown}


   Skills:
 - Level 5.4 Fighting
 - Level 14.0 Long Blades
 - Level 3.6 Axes
 + Level 10.7 Armour
 - Level 2.1 Dodging


You had 9 spell levels left.
You didn't know any spells.
Your spell library was empty.

Dungeon Overview and Level Annotations

Branches:
Dungeon (8/15)             Temple (0/1) D:5
   Lair: D:8-11

Altars:
Cheibriados
Gozag
Ru
Sif Muna

Shops:
D:6 =


Innate Abilities, Weirdness & Mutations

You have a pair of horns on your head.
You reflexively headbutt those who attack you in melee.


Message History

You feel drained. The yak gores your ogre. The yak barely misses you.
Your Armour skill increases to level 10!
A red film seems to cover your vision as you go berserk!
You feel yourself moving faster!
You feel mighty!
Your ogre hits the yak with a +0 giant spiked club!!!
The yak dies!
Trog accepts your kill. The yak barely misses you. The wight barely misses you.
The wight hits you with a +3 hand axe of freezing.
You feel drained. The wight freezes you. The wight hits you but does no damage.
The yak gores you!
* * * LOW HITPOINT WARNING * * *
You slash the yak!
The yak is heavily wounded.
Your ogre hits the yak with a +0 giant spiked club!!
The yak dies!
Trog accepts your kill.
Your life force feels restored.
You slice the yak!!
You kill the yak!
Trog accepts your kill.
The centaur wields a +0 shortbow.
The centaur shoots an arrow.
The arrow hits you!
* * * LOW HITPOINT WARNING * * *
The wight hits you with a +0 battleaxe!
* * * LOW HITPOINT WARNING * * *
You feel drained.
* * * LOW HITPOINT WARNING * * *
The wight closely misses you.
The centaur unwields a +0 shortbow.
The centaur hits you.
* * * LOW HITPOINT WARNING * * *
The centaur kicks you but does no damage.
Your ogre hits the wight with a +0 giant spiked club!!!
The wight is destroyed!
Trog accepts your kill.
You see here a yak corpse.
You closely miss the centaur.
Your +5 long sword of Eternal War {spect, rF++ Will- Str+3 Dex+3} barely misses the centaur.
The wight hits you with a +0 battleaxe.
You die...

#.......)≈)#
########......#)≈.###
..............##≈....
#####........##≈≈≈≈≈
#####
##..#########.....
.....##..## #.....
......[.### #.....
####..z)O.###..
#.....
.....Yz@†......
.......
###...(c.......
..#.....
.....#....#....
...$....
...............
...........#...
...........# ..
..##.#...### .
.......


You could see a yak, a centaur, 2 wights, a friendly ogre (summoned, berserk)
and a friendly +5 long sword of Eternal War {spect, rF++ Will- Str+3 Dex+3}
(summoned).

Vanquished Creatures
  Pikel (D:6)
  Maggie (D:7)
  Sigmund (D:6)
  Eustachio (D:6)
  7 yaks
  A steam dragon (D:6)
  2 water moccasins
  An ice beast (D:6)
  2 orc warriors
  3 sky beasts
  A black bear (D:7)
  A centaur (D:8)
  An ogre (D:6)
  A phantom (D:6)
  2 lemures (D:6)
  A bullfrog (D:6)
  3 necrophages
  2 scorpions
  3 hounds
  2 orc priests
  Crazy Yiuf (D:7)
  A gnoll shaman (D:7)
  4 iguanas
  7 orc wizards
  17 gnolls
  5 adders
  A shadow imp (D:6)
  2 white imps
  3 ufetubi (D:5)
  A worm (D:2)
  3 dart slugs
  23 orcs
  6 endoplasms
  3 giant cockroaches
  8 goblins
  3 hobgoblins
  4 quokkas
  10 ball pythons
  4 bats
  3 frilled lizards
  2 kobolds
  6 rats
154 creatures vanquished.

Vanquished Creatures (collateral kills)
  3 yaks (D:8)
  A wight (D:8)
4 creatures vanquished.

Vanquished Creatures (others)
  3 fungi (D:7)
  4 toadstools (D:1)
7 creatures vanquished.

Grand Total: 165 creatures vanquished

Notes
Turn   | Place    | Note
-------+----------+-------------------------------------------
     0 | D:1      | muata the Minotaur Berserker began the quest for the Orb.
     0 | D:1      | Reached XP level 1. HP: 19/19 MP: 0/0
   255 | D:1      | Reached XP level 2. HP: 28/28 MP: 1/1
  1015 | D:2      | Reached skill level 5 in Fighting
  1022 | D:2      | Reached XP level 3. HP: 34/36 MP: 2/2
  1274 | D:2      | Reached ** piety under Trog
  1279 | D:2      | Identified the +5 long sword of Eternal War {spect, rF++
                  | Will- Str+3 Dex+3}
  1527 | D:3      | Found a faded altar of an unknown god.
  1568 | D:3      | Reached skill level 1 in Long Blades
  1826 | D:3      | Reached skill level 2 in Long Blades
  1826 | D:3      | Reached XP level 4. HP: 42/42 MP: 3/3
  1916 | D:3      | Found a snail-covered altar of Cheibriados.
  1930 | D:3      | Reached skill level 3 in Long Blades
  2011 | D:3      | Noticed a scorpion
  2016 | D:3      | Killed a scorpion
  2017 | D:3      | Reached skill level 4 in Long Blades
  2017 | D:3      | Reached XP level 5. HP: 48/48 MP: 4/4
  2203 | D:4      | Reached skill level 5 in Long Blades
  2400 | D:4      | Reached XP level 6. HP: 45/56 MP: 5/5
  2569 | D:4      | Reached skill level 6 in Long Blades
  2911 | D:5      | Entered Level 5 of the Dungeon
  3114 | D:5      | Noticed a yak
  3115 | D:5      | Noticed a yak
  3117 | D:5      | Noticed a yak
  3119 | D:5      | Noticed a yak
  3126 | D:5      | Killed a yak
  3127 | D:5      | Reached skill level 7 in Long Blades
  3129 | D:5      | Noticed a yak
  3130 | D:5      | Killed a yak
  3131 | D:5      | Reached skill level 8 in Long Blades
  3131 | D:5      | Reached XP level 7. HP: 61/61 MP: 6/6
  3136 | D:5      | Killed a yak
  3137 | D:5      | Reached skill level 9 in Long Blades
  3139 | D:5      | Killed a yak
  3140 | D:5      | Reached skill level 10 in Long Blades
  3143 | D:5      | Killed a yak
  3144 | D:5      | Reached XP level 8. HP: 39/69 MP: 7/7
  3578 | D:5      | Found a staircase to the Ecumenical Temple.
  3652 | D:5      | Reached *** piety under Trog
  3655 | D:5      | Reached skill level 11 in Long Blades
  4221 | D:6      | Reached skill level 12 in Long Blades
  4312 | D:6      | Noticed Eustachio
  4321 | D:6      | Killed Eustachio
  4386 | D:6      | Reached skill level 13 in Long Blades
  4426 | D:6      | Noticed Pikel
  4435 | D:6      | Killed Pikel
  4436 | D:6      | Reached skill level 14 in Long Blades
  4436 | D:6      | Reached XP level 9. HP: 54/74 MP: 8/8
  4622 | D:6      | Found a shimmering blue altar of Sif Muna.
  4624 | D:6      | Found a sacrificial altar of Ru.
  4706 | D:6      | Found an opulent altar of Gozag.
  4771 | D:6      | Noticed Sigmund
  4780 | D:6      | Killed Sigmund
  4781 | D:6      | Reached skill level 5 in Armour
  5068 | D:6      | Found Mostras's Jewellery Shoppe.
  5587 | D:7      | Reached **** piety under Trog
  5645 | D:7      | Noticed Maggie
  5652 | D:7      | Killed Maggie
  6441 | D:7      | Found a runed translucent door.
  6442 | D:7      | Noticed Crazy Yiuf
  6447 | D:7      | Killed Crazy Yiuf
  6448 | D:7      | Reached XP level 10. HP: 81/81 MP: 9/9
  6587 | D:8      | Reached skill level 10 in Armour
  6590 | D:8      | HP: 2/118 [centaur (4)]
  6591 | D:8      | Slain by a wight

Illustrated notes

Levels and vault maps discovered:
D:1:      ldierk_water_garden, layout_basic, st_stairs_4
D:2:      layout_rooms
D:3:      layout_rooms, mainiacjoe_overflow_paths,
          chequers_ecumenical_altar_simple, minivault_25, st_stairs_13
D:4:      layout_basic
D:5:      layout_basic, minmay_temple_entry_waves
D:6:      layout_gridville, jmf_multi_god_temple, overflow_temple_1_default,
          serial_shops, shop, uniq_pikel, uniq_sigmund, uniq_eustachio
D:7:      layout_basic, uniq_maggie, uniq_crazy_yiuf_cottage
D:8:      layout_rooms, nicolae_overflow_squiral, enter_ossuary_1,
          kennysheep_generic_room_6, uniq_gastronok

Skill      XL: |  1  2  3  4  5  6  7  8  9 10 |
---------------+-------------------------------+-----
Fighting       | 4 5 |  5.4
Long Blades    | 2 4 5 8 10 14 | 14.0
Armour         | 9 10 | 10.7
Axes           | |  3.6
Dodging        | |  2.1

Action                   |  1- 3 |  4- 6 |  7- 9 | 10-12 || total
-------------------------+-------+-------+-------+-------++-------
Melee: Hand axe          |    48 |       |       |       ||    48
       Headbutt          |     7 |     7 |    39 |     3 ||    56
       Long sword        |    11 |    55 |   145 |    23 ||   234
       Punch             |       |       |     1 |       ||     1
Invok: Berserk           |     1 |     3 |     3 |     1 ||     8
       Trog's Hand       |       |     1 |       |       ||     1
       Brothers in Arms  |       |       |       |     1 ||     1
 Stab: Sleeping          |     1 |       |       |       ||     1
       Distracted        |       |       |     1 |       ||     1
Armor: Animal skin       |     9 |       |       |       ||     9
       Ring mail         |     6 |    16 |    31 |     7 ||    60
Dodge: Dodged            |    39 |    30 |    59 |    19 ||   147

Table legend: (Time is in decaauts)
 A = Elapsed time spent in this place.
 B = Non-inter-level travel time spent in this place.
 C = Inter-level travel time spent in this place.
 D = Time resting spent in this place.
 E = Time spent auto-exploring this place.
 F = Levels seen in this place.
 G = Mean time per level.
                   A        B        C        D        E       F      G
               +--------+--------+--------+--------+--------+-----+--------+
         Total |   6631 |   6322 |    309 |    813 |   4524 |   8 |  828.9 |
       Dungeon |   6631 |   6322 |    309 |    813 |   4524 |   8 |  828.9 |
               +--------+--------+--------+--------+--------+-----+--------+

Top non-repeatable levels by time:
     D:7: 1333 daAuts
     D:5: 1247 daAuts
     D:6: 1030 daAuts
     D:1: 1019 daAuts
     D:4: 739 daAuts
     D:3: 736 daAuts
     D:2: 464 daAuts
     D:8: 59 daAuts
